 Dungeon Crawl Stone Soup version 0.27-a0-96-gb51a1d6fd6 (webtiles) character file.

Game seed: 5225267505132183859

45 Dittersdorf the Covered (level 3, 0/24 HPs)
             Began as a Gargoyle Fighter on Jan 19, 2021.
             Slain by Sigmund
             ... wielding a +0 scythe
              (12 damage)
             ... on level 2 of the Dungeon.
             The game lasted 00:01:05 (894 turns).

Dittersdorf the Covered (Gargoyle Fighter)           Turns: 894, Time: 00:01:06

Health: 0/24       AC: 11    Str: 20    XL:     3   Next: 64%
Magic:  3/3        EV:  7    Int:  8    God:
Gold:   61         SH:  9    Dex:  9    Spells: 2/2 levels left

rFire    . . .     SeeInvis .   a - +0 flail
rCold    . . .     Faith    .   c - +0 kite shield
rNeg     + . .     Spirit   .   b - +0 scale mail
rPois    ∞         Reflect  .   (no helmet)
rElec    +         Harm     .   m - +0 cloak
rCorr    .         Rampage  .   (no gloves)
Will     .....                  (no boots)
Stlth    ..........             (no amulet)
HPRegen  0.08/turn              (no ring)
MPRegen  0.08/turn              (no ring)

@: no status effects
A: negative energy resistance 1, electricity resistance, unbreathing,
petrification resistance, miasma immunity, AC +3
a: no special abilities


You were on level 2 of the Dungeon.
You visited 1 branch of the dungeon, and saw 2 of its levels.

You collected 61 gold pieces.

Inventory:

Hand Weapons
 a - a +0 flail (weapon)
Armour
 b - a +0 scale mail (worn)
 c - a +0 kite shield (worn)
 m - a +0 cloak (worn)
Scrolls
 f - 3 scrolls of enchant armour {unknown}
 g - a scroll of magic mapping {unknown}
 i - a scroll of identify {unknown}
 j - 3 scrolls of amnesia {unknown}
 k - a scroll of fog {unknown}
 n - a scroll of blinking {unknown}
 o - a scroll of fear {unknown}
Potions
 d - a potion of might
 e - a potion of berserk rage {unknown}
 h - a potion of haste {unknown}
 l - a potion of flight {unknown}


   Skills:
 + Level 3.7 Fighting
 + Level 2.5 Maces & Flails
 + Level 3.8 Armour
 + Level 3.7 Shields


You had 2 spell levels left.
You didn't know any spells.
Your spell library was empty.

Dungeon Overview and Level Annotations

Branches:
Dungeon (2/15)

Altars:
Nemelex Xobeh

Annotations:
D:2 Sigmund


Innate Abilities, Weirdness & Mutations

You are resistant to torment.
Your stone body is resilient. (AC +3)
You are immune to poison.
You resist negative energy. (rN+)
You are resistant to electric shocks. (rElec)
You can survive without breathing.
You are immune to petrification.
You are immune to miasma.


Message History

You are too confused!
You are too confused!
You are too confused!
You are too confused!
You are too confused!
You are too confused!
You are too confused!
You are too confused!
You are too confused!
You bump into the rock wall.
Sigmund hits you with a +0 scythe.
Sigmund hits you from afar with a +0 scythe.
You're too confused to move!
You feel less confused.
Sigmund points at you and mumbles some strange words.
The puff of flame hits you.
You hit Sigmund.
Sigmund is almost dead.
Sigmund hits you with a +0 scythe!
Ouch! That really hurt!
You die...

8..## #...(.#
.#####.....#
...........#
#.####.)####
###.####..#
#.........##
..#.##.....#
#.....#######
#....@.......
#....@######.
#.....#
#.#.### #.#.#
#.#.# #. #.
#.


You could see Sigmund.

Vanquished Creatures
  2 oozes
  2 leopard geckos
  2 bats (D:1)
  A giant cockroach (D:2)
  5 goblins (D:1)
  10 hobgoblins
  3 kobolds
  2 frilled lizards (D:1)
  5 rats
32 creatures vanquished.

Notes
Turn   | Place    | Note
-------+----------+-------------------------------------------
     0 | D:1      | Dittersdorf the Gargoyle Fighter began the quest for the
                  | Orb.
     0 | D:1      | Reached XP level 1. HP: 14/14 MP: 1/1
    86 | D:1      | Reached XP level 2. HP: 18/19 MP: 2/2
   344 | D:1      | Reached XP level 3. HP: 23/23 MP: 3/3
   750 | D:2      | Found a sparkling altar of Nemelex Xobeh.
   875 | D:2      | Noticed Sigmund
   894 | D:2      | Slain by Sigmund

Illustrated notes

Levels and vault maps discovered:
D:1:      wander_arrival_peaceful_grave, layout_basic
D:2:      layout_loops_ring, nemelex_xobeh_ov_fountains_minmay,
          elyvilon_altar_5, chequers_ecumenical_altar_simple, kennysheep_nub,
          minmay_between, uniq_sigmund, uniq_natasha

Action                   || total
-------------------------++-------
Melee: Flail             ||   106
Armor: Scale mail        ||    56
Dodge: Dodged            ||    35
Block: Kite shield       ||    55

Table legend: (Time is in decaauts)
 A = Elapsed time spent in this place.
 B = Non-inter-level travel time spent in this place.
 C = Inter-level travel time spent in this place.
 D = Time resting spent in this place.
 E = Time spent auto-exploring this place.
 F = Levels seen in this place.
 G = Mean time per level.
                   A        B        C        D        E       F      G
               +--------+--------+--------+--------+--------+-----+--------+
         Total |    931 |    909 |     22 |    117 |    551 |   2 |  465.5 |
       Dungeon |    931 |    909 |     22 |    117 |    551 |   2 |  465.5 |
               +--------+--------+--------+--------+--------+-----+--------+

Top non-repeatable levels by time:
     D:1: 625 daAuts
     D:2: 306 daAuts
